| TOP OF THE 1ST |
|
Biloxi Shuckers batting - Pitching for Pensacola Blue Wahoos : RHP Narciso Umbelino
|
|
Pitching: RHP Narciso Umbelino
|
|
|
Batting: SHB Aaron Neill
|
0-0: Ball 1-0: Ball 2-0: Ground out 5-3 (Groundball, 5, EV 76.9 MPH)
|
|
Batting: LHB Jason Raker
|
0-0: Foul Ball, location: 2F 0-1: Ground out 4-3 (Groundball, 4, EV 88.1 MPH)
|
|
Batting: LHB Adam Hill
|
0-0: Foul Ball, location: 2F 0-1: Called Strike 0-2: Ball 1-2: Ground out 4-3 (Groundball, 4M, EV 86.9 MPH)
|
| Top of the 1st over - 0 runs, 0 hits, 0 errors, 0 left on base; Biloxi 0 - Pensacola 0 |
| BOTTOM OF THE 1ST |
|
Pensacola Blue Wahoos batting - Pitching for Biloxi Shuckers : RHP Ryan Sunday
|
|
Pitching: RHP Ryan Sunday
|
|
|
Batting: RHB Randy Grewe
|
0-0: Ball 1-0: Foul Ball, location: 2F 1-1: SINGLE (Line Drive, 78S, EV 99.4 MPH)
|
|
Batting: RHB Jose Nunez
|
0-0: Fielders Choice at 2nd, 4-6 (Groundball, 4M, EV 81.9 MPH)
|
|
Batting: LHB Jamie Spangenberg
|
0-0: Called Strike 0-1: Ball 1-1: Foul Ball, location: 2F 1-2: Grounds into double play, 1-6-3 (Groundball, 13S, EV 65.6 MPH)
|
| Bottom of the 1st over - 0 runs, 1 hit, 0 errors, 0 left on base; Biloxi 0 - Pensacola 0 |
| TOP OF THE 2ND |
|
Biloxi Shuckers batting - Pitching for Pensacola Blue Wahoos : RHP Narciso Umbelino
|
|
Batting: SHB Justin Hensley
|
0-0: Foul Ball, location: 2F 0-1: Swinging Strike 0-2: Strikes out swinging
|
|
Batting: LHB Karel Hort
|
0-0: Foul Ball, location: 2F 0-1: Foul Ball, location: 2F 0-2: Strikes out swinging
|
|
Batting: LHB Kwang-chih Men
|
0-0: Foul Ball, location: 2F 0-1: Foul Ball, location: 2F 0-2: Ball 1-2: Ground out U3 (Groundball, 3L, EV 90.0 MPH)
|
| Top of the 2nd over - 0 runs, 0 hits, 0 errors, 0 left on base; Biloxi 0 - Pensacola 0 |
| BOTTOM OF THE 2ND |
|
Pensacola Blue Wahoos batting - Pitching for Biloxi Shuckers : RHP Ryan Sunday
|
|
Batting: RHB Solange Le Coq
|
0-0: Called Strike 0-1: Called Strike 0-2: Strikes out looking
|
|
Batting: RHB Mark Williams
|
0-0: Foul Ball, location: 2F 0-1: Called Strike 0-2: Ball 1-2: Foul Ball, location: 2F 1-2: Ball 2-2: Ball 3-2: SINGLE (Groundball, 6MD, EV 105.6 MPH)
|
|
Batting: RHB Armando Moz
|
0-0: Called Strike 0-1: Swinging Strike 0-2: Ball 1-2: Ball 2-2: Strikes out swinging
|
|
Batting: LHB Ralph Braine
|
0-0: Foul Ball, location: 2F 0-1: Ball 1-1: Ball 2-1: Ball 3-1: Foul Ball, location: 2F 3-2: Ground out 4-3 (Groundball, 34, EV 101.2 MPH)
|
| Bottom of the 2nd over - 0 runs, 1 hit, 0 errors, 1 left on base; Biloxi 0 - Pensacola 0 |
| TOP OF THE 3RD |
|
Biloxi Shuckers batting - Pitching for Pensacola Blue Wahoos : RHP Narciso Umbelino
|
|
Batting: RHB Nick Cummings
|
0-0: Swinging Strike 0-1: Swinging Strike 0-2: Ball 1-2: Ball 2-2: Foul Ball, location: 2F 2-2: Ball 3-2: Base on Balls
|
|
Batting: LHB Rick Campbell
|
0-0: Called Strike Nick Cummings steals 2nd base 0-1: Foul Ball, location: 2F 0-2: Foul Ball, location: 2F 0-2: Ball 1-2: Ball 2-2: Strikes out looking
|
|
Batting: RHB Leo Serrano
|
0-0: Ball 1-0: Called Strike 1-1: Called Strike 1-2: Ball 2-2: Ball 3-2: Base on Balls
|
|
Batting: SHB Aaron Neill
|
0-0: SINGLE (Groundball, 4MD, EV 99.4 MPH) Nick Cummings to third Leo Serrano to second Runner from 3rd tries for Home, SAFE, throw by CF to home
|
|
Batting: LHB Jason Raker
|
0-0: Ball 1-0: Foul Ball, location: 2F 1-1: Foul Ball, location: 2F 1-2: Ball 2-2: DOUBLE (Flyball, 78D, EV 106.2 MPH) Leo Serrano scores Aaron Neill to third Runner from 3rd tries for Home, SAFE, no throw by CF
|
|
Batting: LHB Adam Hill
|
0-0: Fly out, F7 (Line Drive, 7, EV 92.5 MPH)
|
|
Batting: SHB Justin Hensley
|
0-0: Ball 1-0: Called Strike 1-1: Called Strike 1-2: Strikes out looking
|
| Top of the 3rd over - 3 runs, 2 hits, 0 errors, 1 left on base; Biloxi 3 - Pensacola 0 |
| BOTTOM OF THE 3RD |
|
Pensacola Blue Wahoos batting - Pitching for Biloxi Shuckers : RHP Ryan Sunday
|
|
Batting: RHB Ryan Short
|
0-0: Foul Ball, location: 2F 0-1: Ball 1-1: DOUBLE (Flyball, 8RD, EV 105.6 MPH)
|
|
Batting: RHB Gabe Ochoa
|
0-0: Called Strike 0-1: Ground out 3-1 (Groundball, 34, EV 103.8 MPH) Ryan Short to third
|
|
Batting: RHB Randy Grewe
|
0-0: Swinging Strike 0-1: Swinging Strike 0-2: Strikes out swinging
|
|
Batting: RHB Jose Nunez
|
0-0: Ball 1-0: Ball 2-0: Foul Ball, location: 2F 2-1: Ball 3-1: Base on Balls
|
|
Batting: LHB Jamie Spangenberg
|
0-0: SINGLE (Groundball, 6MS, EV 63.8 MPH) (infield hit) Ryan Short scores Jose Nunez to second
|
|
Batting: RHB Solange Le Coq
|
0-0: Called Strike 0-1: Ball 1-1: Ball 2-1: Called Strike 2-2: Fly out, F4 (Line Drive, 6M, EV 65.0 MPH)
|
| Bottom of the 3rd over - 1 run, 2 hits, 0 errors, 2 left on base; Biloxi 3 - Pensacola 1 |
| TOP OF THE 4TH |
|
Biloxi Shuckers batting - Pitching for Pensacola Blue Wahoos : RHP Narciso Umbelino
|
|
Batting: LHB Karel Hort
|
0-0: Called Strike 0-1: Ground out U3 (Groundball, 3, EV 106.9 MPH)
|
|
Batting: LHB Kwang-chih Men
|
0-0: Called Strike 0-1: Called Strike 0-2: Ball 1-2: Foul Ball, location: 2F 1-2: Strikes out looking
|
|
Batting: RHB Nick Cummings
|
0-0: DOUBLE (Line Drive, 7LM, EV 101.9 MPH)
|
|
Batting: LHB Rick Campbell
|
0-0: Ball 1-0: Ball 2-0: Called Strike 2-1: Foul Ball, location: 2F 2-2: Strikes out swinging
|
| Top of the 4th over - 0 runs, 1 hit, 0 errors, 1 left on base; Biloxi 3 - Pensacola 1 |
| BOTTOM OF THE 4TH |
|
Pensacola Blue Wahoos batting - Pitching for Biloxi Shuckers : RHP Ryan Sunday
|
|
Batting: RHB Mark Williams
|
0-0: Ball 1-0: Swinging Strike 1-1: Ball 2-1: Ground out 1-3 (Groundball, 34S, EV 71.9 MPH)
|
|
Batting: RHB Armando Moz
|
0-0: Called Strike 0-1: Ball 1-1: Ball 2-1: Swinging Strike 2-2: Strikes out swinging
|
|
Batting: LHB Ralph Braine
|
0-0: Called Strike 0-1: Ball 1-1: Ball 2-1: Ball 3-1: Base on Balls
|
|
Batting: RHB Ryan Short
|
0-0: Ball 1-0: Called Strike 1-1: Called Strike 1-2: Fly out, F3 (Line Drive, 34, EV 73.1 MPH)
|
| Bottom of the 4th over - 0 runs, 0 hits, 0 errors, 1 left on base; Biloxi 3 - Pensacola 1 |
| TOP OF THE 5TH |
|
Biloxi Shuckers batting - Pitching for Pensacola Blue Wahoos : RHP Narciso Umbelino
|
|
Batting: RHB Leo Serrano
|
0-0: Ball 1-0: Called Strike 1-1: Foul Ball, location: 2F 1-2: Foul Ball, location: 2F 1-2: Strikes out swinging
|
|
Batting: SHB Aaron Neill
|
0-0: Swinging Strike 0-1: Ball 1-1: Foul Ball, location: 2F 1-2: Ground out 1-3 (Groundball, 15S, EV 63.1 MPH)
|
|
Batting: LHB Jason Raker
|
0-0: Ball 1-0: SINGLE (Groundball, 56S, EV 61.2 MPH) (infield hit)
|
|
Batting: LHB Adam Hill
|
0-0: Ball 1-0: Called Strike 1-1: Ball 2-1: Fly out, F6 (Flyball, 56D, EV 88.1 MPH)
|
| Top of the 5th over - 0 runs, 1 hit, 0 errors, 1 left on base; Biloxi 3 - Pensacola 1 |
| BOTTOM OF THE 5TH |
|
Pensacola Blue Wahoos batting - Pitching for Biloxi Shuckers : RHP Ryan Sunday
|
|
Batting: RHB Gabe Ochoa
|
0-0: Ball 1-0: Swinging Strike 1-1: Foul Ball, location: 2F 1-2: Ball 2-2: Strikes out swinging
|
|
Batting: RHB Randy Grewe
|
0-0: Foul Ball, location: 2F 0-1: Foul Ball, location: 2F 0-2: Strikes out swinging
|
|
Batting: RHB Jose Nunez
|
0-0: Ball 1-0: Ball 2-0: Ball 3-0: Called Strike 3-1: Fly out, F8 (Line Drive, 78D, EV 93.1 MPH)
|
| Bottom of the 5th over - 0 runs, 0 hits, 0 errors, 0 left on base; Biloxi 3 - Pensacola 1 |
| TOP OF THE 6TH |
|
Biloxi Shuckers batting - Pitching for Pensacola Blue Wahoos : RHP Narciso Umbelino
|
|
Batting: SHB Justin Hensley
|
0-0: Called Strike 0-1: Foul Ball, location: 2F 0-2: Ball 1-2: Fly out, F2 (Popup, 13S, EV 86.2 MPH)
|
|
Batting: LHB Karel Hort
|
0-0: Ball 1-0: Foul Ball, location: 2F 1-1: Foul Ball, location: 2F 1-2: Foul Ball, location: 2F 1-2: Ball 2-2: Strikes out swinging
|
|
Batting: LHB Kwang-chih Men
|
0-0: Called Strike 0-1: Ball 1-1: SOLO HOME RUN (Flyball, 9LD, EV 95.0 MPH), Distance : 365 ft
|
|
Batting: RHB Nick Cummings
|
0-0: Called Strike 0-1: Ball 1-1: Foul Ball, location: 2F 1-2: Ball 2-2: Ball 3-2: Strikes out swinging
|
| Top of the 6th over - 1 run, 1 hit, 0 errors, 0 left on base; Biloxi 4 - Pensacola 1 |
| BOTTOM OF THE 6TH |
|
Pensacola Blue Wahoos batting - Pitching for Biloxi Shuckers : RHP Ryan Sunday
|
|
Batting: LHB Jamie Spangenberg
|
0-0: Ball 1-0: Ball 2-0: Ball 3-0: Base on Balls
|
|
Batting: RHB Solange Le Coq
|
0-0: Ball Wild Pitch! Jamie Spangenberg to second 1-0: Called Strike 1-1: SINGLE (Groundball, 6S, EV 65.6 MPH) (infield hit) Jamie Spangenberg to third
|
|
Batting: RHB Mark Williams
|
0-0: Ball 1-0: Called Strike Solange Le Coq is caught stealing 2nd base 2-4 1-1: Ball 2-1: Foul Ball, location: 2F 2-2: Strikes out swinging
|
|
Batting: RHB Armando Moz
|
0-0: Ball 1-0: Foul Ball, location: 2F 1-1: Foul Ball, location: 2F 1-2: SINGLE (Groundball, 4, EV 97.5 MPH) Jamie Spangenberg scores
|
|
Batting: LHB Ralph Braine
|
0-0: Ball 1-0: Called Strike 1-1: Ball 2-1: 2-RUN HOME RUN (Flyball, 9D, EV 95.6 MPH), Distance : 385 ft
|
|
Batting: RHB Ryan Short
|
0-0: Ground out 3-1 (Groundball, 34S, EV 73.8 MPH)
|
| Bottom of the 6th over - 3 runs, 3 hits, 0 errors, 0 left on base; Biloxi 4 - Pensacola 4 |
| TOP OF THE 7TH |
|
Biloxi Shuckers batting - Pitching for Pensacola Blue Wahoos : RHP Narciso Umbelino
|
|
Batting: LHB Rick Campbell
|
0-0: Ground out 6-3 (Groundball, 56D, EV 102.5 MPH)
|
|
Batting: RHB Leo Serrano
|
0-0: DOUBLE (Line Drive, 5D, EV 109.4 MPH)
|
|
Batting: SHB Aaron Neill
|
0-0: Ball 1-0: Called Strike 1-1: TRIPLE (Line Drive, 89XD, EV 97.5 MPH) Leo Serrano scores
|
|
Pitching: LHP Jerry Nero
|
|
|
Batting: LHB Jason Raker
|
0-0: Called Strike 0-1: Ball 1-1: Ground out 1-3 (Groundball, 13S, EV 68.8 MPH)
|
|
Batting: LHB Adam Hill
|
0-0: Ball 1-0: Swinging Strike 1-1: Ball 2-1: Ground out 1-3 (Groundball, 13S, EV 62.5 MPH)
|
| Top of the 7th over - 1 run, 2 hits, 0 errors, 1 left on base; Biloxi 5 - Pensacola 4 |
| BOTTOM OF THE 7TH |
|
Pensacola Blue Wahoos batting - Pitching for Biloxi Shuckers : RHP Ryan Sunday
|
|
Pinch Hitting: LHB Jorge Zarazua
|
0-0: Ball 1-0: Called Strike 1-1: Foul Ball, location: 2F 1-2: Strikes out looking
|
|
Pitching: RHP Johnathan Starr
|
|
|
Batting: RHB Randy Grewe
|
0-0: Ground out U3 (Groundball, 3, EV 102.5 MPH)
|
|
Batting: RHB Jose Nunez
|
0-0: SINGLE (Groundball, 4MD, EV 110.0 MPH)
|
|
Pitching: LHP Brian Rich
|
|
|
Batting: LHB Jamie Spangenberg
|
0-0: Ball 1-0: Swinging Strike 1-1: Ground out 4-3 (Groundball, 34S, EV 84.4 MPH)
|
| Bottom of the 7th over - 0 runs, 1 hit, 0 errors, 1 left on base; Biloxi 5 - Pensacola 4 |
| TOP OF THE 8TH |
|
Biloxi Shuckers batting - Pitching for Pensacola Blue Wahoos : LHP Jerry Nero
|
|
Now at 1B: Jorge Zarazua
|
|
|
Now at 3B: Jose Nunez
|
|
|
Batting: SHB Justin Hensley
|
0-0: Ball 1-0: Called Strike 1-1: Called Strike 1-2: Ball 2-2: Ground out 6-3 (Groundball, 6, EV 89.4 MPH)
|
|
Batting: LHB Karel Hort
|
0-0: Foul Ball, location: 2F 0-1: Ball 1-1: Fly out, F9 (Line Drive, 89M, EV 92.5 MPH)
|
|
Batting: LHB Kwang-chih Men
|
0-0: SINGLE (Groundball, P, EV 88.1 MPH) (infield hit)
|
|
Pitching: RHP Dave Kurtz
|
|
|
Batting: RHB Nick Cummings
|
0-0: Called Strike 0-1: Foul Ball, location: 2F 0-2: Strikes out looking
|
| Top of the 8th over - 0 runs, 1 hit, 0 errors, 1 left on base; Biloxi 5 - Pensacola 4 |
| BOTTOM OF THE 8TH |
|
Pensacola Blue Wahoos batting - Pitching for Biloxi Shuckers : LHP Brian Rich
|
|
Now in RF: Josh Nelson
|
|
|
Batting: RHB Solange Le Coq
|
0-0: Called Strike 0-1: Ball 1-1: SINGLE (Groundball, 56D, EV 107.5 MPH)
|
|
Batting: RHB Mark Williams
|
0-0: Called Strike Solange Le Coq is caught stealing 2nd base 2-4 0-1: Called Strike 0-2: Reached on error, E4 (Groundball, 34D, EV 104.4 MPH)
|
|
Batting: RHB Armando Moz
|
0-0: Called Strike 0-1: Ball 1-1: Ball 2-1: Fly out, F9 (Line Drive, 9, EV 87.5 MPH)
|
|
Pinch Hitting: RHB Chris Norris
|
0-0: Ball 1-0: Called Strike 1-1: Fly out, F8 (Line Drive, 8RD, EV 94.4 MPH)
|
| Bottom of the 8th over - 0 runs, 1 hit, 1 error, 1 left on base; Biloxi 5 - Pensacola 4 |
| TOP OF THE 9TH |
|
Biloxi Shuckers batting - Pitching for Pensacola Blue Wahoos : RHP Dave Kurtz
|
|
Now at 2B: Chris Norris
|
|
|
Now in LF: Mark Williams
|
|
|
Batting: LHB Rick Campbell
|
0-0: Called Strike 0-1: Ball 1-1: Called Strike 1-2: Ball 2-2: Strikes out swinging
|
|
Batting: RHB Leo Serrano
|
0-0: Ball 1-0: Foul Ball, location: 2F 1-1: Foul Ball, location: 2F 1-2: Ball 2-2: Strikes out swinging
|
|
Batting: SHB Aaron Neill
|
0-0: Called Strike 0-1: Foul Ball, location: 2F 0-2: Foul Ball, location: 2F 0-2: Ball 1-2: Ground out 6-3 (Groundball, 56, EV 92.5 MPH)
|
| Top of the 9th over - 0 runs, 0 hits, 0 errors, 0 left on base; Biloxi 5 - Pensacola 4 |
| BOTTOM OF THE 9TH |
|
Pensacola Blue Wahoos batting - Pitching for Biloxi Shuckers : LHP Brian Rich
|
|
Pitching: RHP Elijah Seabrooks
|
|
|
Batting: RHB Ryan Short
|
0-0: Ball 1-0: Ground out 4-3 (Groundball, 4D, EV 103.8 MPH)
|
|
Batting: LHB Jorge Zarazua
|
0-0: Ball 1-0: Ball 2-0: Ball 3-0: Base on Balls
|
|
Pinch Runner at 1st Doug Carter:
|
|
|
Batting: RHB Randy Grewe
|
0-0: Fly out, F8 (Flyball, 8RD, EV 98.8 MPH) Runner from 1st tags up, SAFE at 2nd
|
|
Pinch Hitting: LHB Matthew Berry
|
0-0: Fly out, F8 (Line Drive, 8RM, EV 84.4 MPH)
|
| Bottom of the 9th over - 0 runs, 0 hits, 0 errors, 1 left on base; Biloxi 5 - Pensacola 4 |
|